Map: King Sejong Station LE

Players

Silent

  • Race: Zerg Zerg
  • League: Platinum

Tenonee - Winner!

  • Race: Terran Terran
  • League: Diamond

VOD

Have the link to the VOD?

Description

Time

  • Played on: July 31, 2016, 8:24 a.m.
  • Length: 15:56
Show
View Real Time Build Order
Export as new Build Order

Silent Zerg 

Build Orders: Pool First 

Get SALT Encoding   

  12  0:01  Drone  
  13  0:12  Overlord  
  13  0:17  Drone  
  14  0:30  Drone x2  
  14  0:34  Drone  
  17  0:44  Spawning Pool  
  17  0:48  Drone  
  17  0:50  Extractor  
  17  0:57  Drone  
  17  1:07  Drone  
  18  1:20  Hatchery  
  17  1:31  Queen  
  19  1:35  Zergling x2  
  19  1:37  Zergling x2  
  21  1:44  Overlord  
  21  1:52  Metabolic Boost  
  21  2:02  Zergling x2  
  21  2:03  Drone  
  23  2:19  Drone  
  23  2:21  Drone  
  25  2:36  Queen  
  26  2:37  Drone  
  26  2:38  Drone  
  28  2:56  Drone x5  
  33  3:00  Overlord  
  33  3:06  Roach Warren  
  33  3:08  Drone  
  33  3:12  Drone x3  
  36  3:22  Pneumatized Carapace  
  36  3:28  Drone  
  36  3:29  Drone  
  38  3:42  Drone x2  
  38  3:43  Drone  
  40  3:59  Drone x2  
  40  4:01  Overlord  
  40  4:02  Overlord  
  42  4:06  Lair  
  42  4:19  Hatchery, Queen  
  42  4:23  Roach x3  
  49  4:24  Roach  
  51  4:32  Extractor  
  51  4:33  Extractor  
  49  4:43  Roach  
  50  4:58  Overlord  
  50  4:59  Overlord  
  50  5:15  Spore Crawler  
  50  5:17  Spore Crawler  
  50  5:18  Roach x4  
  56  5:33  Spire  
  55  5:36  Extractor  
  55  5:37  Drone  
  55  5:38  Queen  
  57  5:48  Drone x4  
  60  6:12  Drone x3  
  60  6:14  Drone x4  
  67  6:20  Drone x3  
  67  6:25  Drone x4  
  72  6:32  Drone x5  
  79  6:36  Overlord x2  
  79  7:04  Mutalisk x7  
  79  7:07  Zergling x2  
  79  7:08  Zergling x8  
  94  7:56  Mutalisk  
  94  7:57  Mutalisk  
  96  8:08  Drone x2  
  96  8:11  Overlord x3  
  96  8:12  Glial Reconstitution  
  98  8:16  Evolution Chamber  
  98  8:17  Evolution Chamber  
  96  8:40  Spawning Pool  
  76  9:10  Roach  
  76  9:11  Roach x16  
  76  9:16  Zerg Melee Weapons Level 1  
  110  9:18  Zerg Ground Armor Level 1  
  110  9:23  Extractor  
  109  9:26  Extractor  
  109  9:27  Overseer  
  109  9:28  Overseer  
  106  9:31  Zergling x2  
  106  9:32  Zergling x4  
  105  9:50  Ravager x3  
  105  9:51  Ravager  
  105  9:52  Zergling x2  
  110  9:58  Drone x3  
  113  10:01  Spore Crawler  
  113  10:03  Queen  
  114  10:09  Overlord  
  114  10:10  Overlord  
  114  10:11  Zergling x10  
  119  10:18  Overseer  
  112  10:48  Roach x13  
  135  10:59  Drone  
  135  11:04  Overlord x2  
  136  11:12  Hatchery  
  136  11:15  Hatchery  
  130  11:40  Corruptor x3  
  130  11:42  Zergling x2  
  114  11:59  Corruptor x7  
  114  12:00  Corruptor x3  
  134  12:02  Zergling x2  
  135  12:10  Spine Crawler  
  105  12:21  Zergling x10  
  89  12:40  Zerg Ground Armor Level 2, Zerg Melee Weapons Level 2  
  89  12:44  Infestation Pit  
  89  12:46  Queen  
  90  12:54  Zergling x8  
  90  12:58  Drone x3, Spine Crawler  
  94  12:59  Drone x7  
  99  13:21  Roach  
  99  13:22  Roach x10  
  106  13:45  Mutalisk  
  106  13:46  Roach x3  
  106  13:47  Roach x4  
  111  13:57  Overseer  
  111  13:58  Overseer x2  
  109  14:07  Roach x2  
  105  14:10  Roach x3  
  105  14:11  Roach x7  
  105  14:14  Roach  
  105  14:15  Roach  
  113  14:23  Extractor  
  106  14:25  Roach x2  
  106  14:26  Roach x2  
  106  14:29  Hive  
  112  14:36  Queen  
  114  14:42  Roach x3  
  120  14:47  Overlord  
  120  14:48  Overlord x3  
  100  15:02  Zergling x16  
  96  15:09  Spore Crawler  
  95  15:18  Roach  
  97  15:32  Hatchery  
Show
View Real Time Build Order
Export as new Build Order

Tenonee Terran - Winner!

Build Orders: Reaper Expand, MMM Bio 

Get SALT Encoding   

  12  0:01  SCV  
  13  0:13  SCV  
  14  0:18  Supply Depot  
  14  0:26  SCV  
  15  0:39  SCV  
  16  0:42  Barracks  
  16  0:45  Refinery  
  16  0:51  SCV  
  16  0:56  Supply Depot  
  17  1:03  SCV  
  18  1:15  SCV  
  19  1:29  Orbital Command  
  19  1:30  Reaper  
  20  1:55  Command Center  
  20  2:07  SCV  
  20  2:13  Marine  
  20  2:14  Factory  
  21  2:19  SCV  
  22  2:37  Barracks Reactor  
  22  2:38  SCV  
  23  2:50  SCV  
  24  3:02  SCV  
  25  3:07  Supply Depot  
  25  3:08  Orbital Command  
  25  3:13  Barracks  
  25  3:14  Refinery, SCV  
  26  3:23  Hellion  
  26  3:24  Hellion  
  26  3:26  SCV  
  31  3:29  Orbital Command  
  31  3:30  Barracks Tech Lab  
  31  3:38  SCV  
  32  3:49  Supply Depot  
  32  3:51  Hellion x2  
  32  3:54  SCV x2  
  38  3:56  Stimpack  
  38  4:02  Barracks Reactor  
  38  4:04  Marine  
  38  4:06  SCV  
  38  4:09  SCV  
  43  4:17  Hellion x2  
  45  4:24  Supply Depot  
  45  4:29  SCV x2  
  47  4:32  Marine  
  48  4:41  SCV  
  49  4:46  SCV  
  49  4:49  Marine x2  
  49  4:50  Marine  
  53  4:53  SCV  
  53  4:54  Starport  
  53  4:58  Factory Tech Lab, SCV  
  55  5:05  SCV  
  55  5:07  Marine, Refinery  
  56  5:09  Bunker  
  56  5:10  SCV  
  58  5:15  Supply Depot  
  58  5:17  Marine x2, SCV  
  58  5:18  Siege Tank  
  64  5:22  SCV  
  64  5:27  Marine  
  66  5:29  SCV  
  66  5:34  Command Center  
  66  5:35  Marine  
  68  5:37  Medivac x2  
  68  5:40  SCV  
  73  5:47  Supply Depot  
  73  5:57  Marine x3  
  64  6:06  Siege Tank  
  66  6:13  Engineering Bay, SCV x2  
  66  6:14  Marine  
  66  6:15  Engineering Bay, Marine x2, Medivac  
  73  6:25  SCV  
  73  6:26  SCV  
  73  6:31  Refinery  
  73  6:32  Marine  
  75  6:33  Supply Depot  
  75  6:35  Supply Depot  
  75  6:37  Combat Shields  
  75  6:38  Barracks, SCV x2  
  78  6:43  Marine  
  78  6:45  Factory Reactor  
  79  6:48  Terran Infantry Weapons Level 1  
  79  6:50  SCV  
  79  6:52  Terran Infantry Armor Level 1  
  80  6:55  Marine, Marauder  
  83  7:02  Marine  
  83  7:04  Medivac x2  
  88  7:13  Marine  
  78  7:25  Marine x2  
  78  7:26  Widow Mine x2  
  84  7:31  Marine  
  85  7:39  Medivac x2  
  85  7:40  Orbital Command  
  85  7:43  Marine x2  
  91  7:44  Missile Turret, Armory  
  91  7:48  Missile Turret x2  
  84  7:54  Widow Mine, Marine x2  
  85  8:02  Marine x2  
  84  8:06  Widow Mine  
  84  8:12  Marine x2, SCV x2  
  88  8:14  Medivac x2  
  88  8:19  SCV  
  95  8:20  Marine x2  
  95  8:23  Widow Mine  
  95  8:24  SCV x2  
  101  8:30  Supply Depot, Marine x2  
  101  8:32  Supply Depot, Orbital Command  
  103  8:38  Marine  
  104  8:41  Marine  
  104  8:42  Widow Mine  
  104  8:48  Marine x2  
  108  8:52  Liberator x2  
  100  8:56  Refinery  
  100  8:57  Marine  
  100  8:58  Refinery  
  100  8:59  Marine  
  95  9:06  Marine x2  
  95  9:07  Widow Mine  
  103  9:15  Marine  
  104  9:17  Marine  
  104  9:19  Terran Infantry Armor Level 2  
  104  9:23  Marine  
  106  9:24  Marine  
  107  9:32  Marine  
  107  9:35  Marine  
  107  9:39  Liberator x2  
  107  9:41  Marine  
  107  9:42  Marauder  
  107  9:43  Widow Mine x2  
  107  9:45  Terran Infantry Weapons Level 2  
  108  9:50  Marine  
  107  9:52  Marine  
  107  9:59  Marine  
  115  10:04  Marauder  
  115  10:05  SCV x2  
  115  10:06  SCV  
  120  10:08  Marine  
  120  10:10  Marine  
  122  10:17  Marine  
  123  10:24  Marine  
  123  10:26  Supply Depot, Marine  
  123  10:27  Supply Depot  
  125  10:30  Concussive Shells, Barracks  
  125  10:33  Barracks  
  123  10:36  Liberator x2  
  123  10:38  Marine x2  
  125  10:46  Marine x2  
  125  10:52  Widow Mine x2  
  125  10:56  Marine, Marauder  
  138  11:04  Marine x2  
  130  11:13  Marine  
  130  11:17  Marine  
  132  11:20  Barracks, SCV  
  132  11:21  Marine, Barracks, SCV x2  
  132  11:22  Marine  
  132  11:24  Command Center  
  137  11:26  Marine  
  137  11:27  Marine  
  136  11:35  Marauder  
  134  11:42  Liberator  
  134  11:43  Marine x2, Marauder  
  134  11:44  Marine  
  139  11:48  Marine  
  130  11:57  Marauder  
  130  11:59  Widow Mine  
  130  12:01  Marine x2  
  138  12:19  Barracks Tech Lab x2  
  138  12:20  Barracks Reactor x2  
  128  12:30  Marine x3, Marauder  
  128  12:33  Terran Infantry Weapons Level 3, Terran Infantry Armor Level 3  
  133  12:40  Factory Tech Lab  
  133  12:55  Marine x3, Marauder x3  
  133  12:57  Viking x2  
  133  12:58  SCV x2  
  148  13:05  Barracks  
  145  13:13  Marine x2  
  143  13:27  Viking, Marine x4, Marauder  
  134  13:43  Planetary Fortress  
  134  13:44  Ghost Academy  
  128  13:57  Marine x2  
  128  13:58  Marine x4, Marauder  
  128  14:00  Medivac x2, Siege Tank  
  139  14:15  Marine x2  
  139  14:16  Marine x3  
  139  14:17  Marauder  
  139  14:18  Marine  
  139  14:23  Missile Turret  
  131  14:28  SCV x2  
  131  14:30  Medivac  
  131  14:33  Marine x3  
  131  14:34  Marine x2, Siege Tank, Medivac  
  131  14:36  Marine  
  131  14:37  Marine  
  143  14:47  Marine, Marauder  
  143  14:50  Marine x3  
  143  14:51  Marine x3  
  143  14:52  Marauder  
  154  14:57  Marine x2, Marauder  
  145  15:00  Medivac  
  145  15:04  Medivac  
  145  15:05  Marine  
  149  15:08  Marine x4  
  149  15:11  Marine x3  
  149  15:14  Marauder  
  155  15:15  Marauder  
  155  15:17  Marine  
  155  15:18  Marauder  
  159  15:22  Marine, Refinery x2  
  159  15:26  Marine x2  
  159  15:31  Marine  
  160  15:38  Marine  
  164  15:52  Command Center  
Tags
 
Add a new tag
Caveats
  • Supply blocks, unpowered buildings, or Contaminate may cause inaccurate times.
  • Supply counts are checked every 10 seconds.